 Dungeon Crawl Stone Soup version 0.22-a0-93-g6b88ebb (webtiles) character file.

72 wazuzu the Poker (level 4, 0/33 HPs)
             Began as a Demonspawn Gladiator on Jan 23, 2018.
             Was an Initiate of Makhleb.
             Slain by a gnoll
             ... wielding a +0 spear
              (10 damage)
             ... on level 2 of the Dungeon.
             The game lasted 00:04:27 (2336 turns).

wazuzu the Poker (Demonspawn Gladiator)             Turns: 2336, Time: 00:04:28

Health: 0/33       AC:  3    Str: 16    XL:     4   Next: 6%
Magic:  4/4        EV: 12    Int:  9    God:    Makhleb [......]
Gold:   68         SH:  0    Dex: 14    Spells: 3/3 levels left

rFire    + . .     SeeInvis .   a - +0 trident
rCold    . . .     Gourm    .   (no shield)
rNeg     . . .     Faith    .   b - +0 leather armour
rPois    .         Spirit   .   (helmet restricted)
rElec    .         Reflect  .   (no cloak)
rCorr    .         Harm     .   (no gloves)
MR       .....                  (no boots)
Stlth    +.........             (no amulet)
HPRegen  0.11/turn              (no ring)
MPRegen  0.09/turn              (no ring)

@: no status effects
A: antennae 1, fire resistance 1
a: Renounce Religion


You were on level 2 of the Dungeon.
You worshipped Makhleb.
Makhleb was noncommittal.
You were hungry.

You visited 1 branch of the dungeon, and saw 2 of its levels.

You collected 68 gold pieces.

Inventory:

Hand Weapons
 a - a +0 trident (weapon)
Missiles
 d - 3 throwing nets (quivered)
Armour
 b - a +0 leather armour (worn)
 c - a +0 helmet
Wands
 h - a wand of digging (10)
Scrolls
 e - a scroll of remove curse {unknown}
 i - a scroll of amnesia {unknown}
 j - 3 scrolls of identify {unknown}
Potions
 g - a potion of heal wounds {unknown}
Comestibles
 f - 2 rations


   Skills:
 - Level 2.0 Fighting
 + Level 4.5 Polearms
 - Level 1.7 Throwing
 - Level 2.6 Dodging


You had 3 spell levels left.
You didn't know any spells.

Dungeon Overview and Level Annotations

Branches:
Dungeon (2/15)

Altars:
Makhleb
Ru
Wu Jian


Innate Abilities, Weirdness & Mutations

You have a pair of small antennae on your head.
Your flesh is heat resistant. (rF+)


Message History

The gnoll hits you with a spear.
* * * LOW HITPOINT WARNING * * *
You hit the gnoll.
The gnoll is lightly wounded.
The gnoll hits you but does no damage.
You hit the gnoll.
The gnoll is moderately wounded.
The gnoll closely misses you. The gnoll hits you with a spear.
* * * LOW HITPOINT WARNING * * *
You hit the gnoll.
The gnoll is severely wounded.
The gnoll barely misses you.
The gnoll hits you from afar with a spear.
* * * LOW HITPOINT WARNING * * *
You are feeling hungry.
Okay, then.
There is a stone staircase leading up here.
There is a stone staircase leading up here.
The gnoll hits you from afar with a spear!
You die...

####.###.#.####.######...# ##
####.. ..#.##......#.....# #.
#<########.##.##.#.##.#.## #.
..#...........##.#....#.########.
..#.######.#..##.#....#..........
..#.######.#...#.#.##.#..........
..#..>...........................
..###.##.#.......#...............
..### #.#......@#.##....########
....# ..#.#......g.###..# #
..#.#.####..........####.########
.##.#............................
....#####....(......####.....#.##
##### #.##.......##.g......#.#
##'####...#.##.###....#.##
######....#...##.##.# ##.......
#....'....#......##.# #.###.##


You could see a gnoll.

Vanquished Creatures
  2 gnolls (D:2)
  An adder (D:2)
  3 worms (D:2)
  2 dart slugs (D:1)
  4 bats
  3 giant cockroaches (D:1)
  A hobgoblin (D:2)
  8 jackals
  A frilled lizard (D:1)
  4 goblins
  A rat (D:1)
30 creatures vanquished.

Notes
Turn   | Place    | Note
-------+----------+-------------------------------------------
     0 | D:1      | wazuzu the Demonspawn Gladiator began the quest for the Orb.
     0 | D:1      | Reached XP level 1. HP: 16/16 MP: 1/1
    38 | D:1      | Reached skill level 3 in Polearms
   290 | D:1      | Gained mutation: Your flesh is heat resistant. (rF+) [demonic ancestry]
   290 | D:1      | Reached XP level 2. HP: 22/22 MP: 2/2
   982 | D:2      | Reached XP level 3. HP: 8/27 MP: 3/3
  1244 | D:2      | Reached skill level 4 in Polearms
  1292 | D:2      | Found a burning altar of Makhleb.
  1299 | D:2      | Became a worshipper of Makhleb the Destroyer
  1765 | D:2      | Found an ornate altar of the Wu Jian Council.
  2127 | D:2      | Found a sacrificial altar of Ru.
  2250 | D:2      | Gained mutation: You have a pair of small antennae on your head. [demonic ancestry]
  2250 | D:2      | Reached XP level 4. HP: 16/33 MP: 4/4
  2255 | D:2      | HP: 1/33 [gnoll/spear (2)]
  2336 | D:2      | Slain by a gnoll

Vault maps used:
D:1:      ncdulo_halloftheorcs
D:2:      old_standard_altar, marbit_many_paths, overflow_temple_1_default

Skill      XL: |  1  2  3 |
---------------+----------+-----
Polearms       | 3 4 |  4.5
Fighting       | |  2.0
Throwing       | |  1.7
Dodging        | |  2.6

Action                   |  1- 3 |  4- 6 || total
-------------------------+-------+-------++-------
Melee: Trident           |   169 |     3 ||   172
  Use: Potion            |     1 |       ||     1
 Stab: Sleeping          |     2 |       ||     2
  Eat: Chunk             |     4 |       ||     4
Armor: Leather armour    |    53 |     1 ||    54
Dodge: Dodged            |   119 |     2 ||   121

Table legend:
 A = Spawn XP
 B = Non-spawn XP
 C = Spawn XP percentage of total XP
 D = Spawn monster count
 E = Non-spawn monster count
 F = Spawn count percentage of total count
 G = Total turns spent on level
                    A         B        C        D         E        F      G
               +---------+---------+-------+---------+---------+-------+---------
         Total |       0 |     103 |   0.0 |       0 |      30 |   0.0 |  2336
               +---------+---------+-------+---------+---------+-------+---------
           D:1 |       0 |      38 |   0.0 |       0 |      19 |   0.0 |   969
           D:2 |       0 |      65 |   0.0 |       0 |      11 |   0.0 |  1367
               +---------+---------+-------+---------+---------+-------+---------
